 Dungeon Crawl Stone Soup version 0.28-a0-503-g83f2989fac (webtiles) character file.

Game seed: 17793934516302319795

0 spiderkeys the Skirmisher (level 1, -6/14 HPs)
             Began as a Tengu Abyssal Knight on Sept 20, 2021.
             Was a Follower of Lugonu.
             Mangled by an ancient zyme (8 damage)
             ... on level 1 of the Abyss.
             The game lasted 00:00:17 (405 turns).

spiderkeys the Skirmisher (Tengu Abyssal Knight)     Turns: 405, Time: 00:00:18

Health: -6/14      AC:  3    Str: 13    XL:     1   Next: 0%
Magic:  3/3        EV: 11    Int: 10    God:    Lugonu [*.....]
Gold:   0          SH:  0    Dex: 14    Spells: 0/0 levels left

rFire   . . .      SeeInvis .   a - +1 spear
rCold   . . .      Faith    .   (no shield)
rNeg    . . .      Spirit   .   b - +0 leather armour
rPois   .          Reflect  .   (helmet restricted)
rElec   .          Harm     .   (no cloak)
rCorr   .          Rampage  .   (no gloves)
Will    .....                   (boots unavailable)
Stlth   +.........              (no amulet)
HPRegen 0.04/turn               (no ring)
MPRegen 0.08/turn               (no ring)

@: no status effects
A: beak, talons 3
a: Renounce Religion, Depart the Abyss


You were on level 1 of the Abyss.
You worshipped Lugonu.
Lugonu was aware of your devotion.
You visited 0 branches of the dungeon, and saw 0 of its levels.
You visited the Abyss 1 time.


Innate Abilities, Weirdness & Mutations

You have a beak for a mouth.
You have claws for feet.


   Skills:
 + Level 3.0 Fighting
 + Level 2.1 Polearms
 + Level 2.1 Armour
 + Level 1.1 Dodging
 + Level 1.5 Invocations


You couldn't memorise any spells.
You didn't know any spells.
Your spell library was empty.

Inventory:

Hand Weapons
 a - a +1 spear (weapon)
Missiles
 c - 7 curare-tipped darts {=f}
Armour
 b - a +0 leather armour (worn)

Dungeon Overview and Level Annotations

Branches:
Dungeon (0/15)

Altars:

#..##.## #. #X # ##
#...# #.### #.#
#....##.# #.X##.### #
###.#.##..### . ##
...#.#..###.#####. .#.
..##.X...@x.....# #
.#.#.#..#..#.#......
.........#.....##......
#.#......##.###.###..##
#.##...#####...## .# .
...#.#..#....# #
#.#.#.#.... .. # .....
# .# ###.. .#


You could see an ancient zyme and a large abomination.


Message History

🤖 Initializing magus.rc ...
Options error: Delay interrupt name "hungry" not recognised. (~/.crawlrc:4988) ✅ Successfully initialized magus.rc [v1.9.10] Welcome, spiderkeys the Tengu Abyssal Knight.
It is said that the Orb of Zot exists deep within this dungeon.
Lugonu says: Depart the Abyss and spread corruption, my servant! (use the ability menu to exit the Abyss) Press ? for a list of commands and other information.
Found a corrupted altar of Lugonu.
You enter the shallow water.
Moving in this stuff is going to be slow.
Found a gateway leading out of the Abyss.
A lurking horror comes into view.
You hit the lurking horror.
Your body is wracked with pain! 😮 HP[-6]
You take 6 damage, and now have 8/14 hp.
MASSIVE DAMAGE!! (PAUSE) Key pressed, stopping explore. 😎 HP[+6]
Your hp is fully restored (14).
There is a gateway leading out of the Abyss here.
c - 8 curare-tipped darts {=f} A large abomination comes into view.
An ancient zyme comes into view.
You feel yourself growing ill in the presence of the ancient zyme.
Throw: 8 darts (curare) {=f}
Press: ? - help, Shift-Dir - straight line, f - ancient zyme
Aim: an ancient zyme (74% to hit)
You throw a curare-tipped dart {=f}.
The curare-tipped dart {=f} hits the ancient zyme.
The ancient zyme hits you!
Ouch! That really hurt!
* * * LOW HITPOINT WARNING * * *
The ancient zyme hits you!
Ouch! That really hurt!
You die...

Action                   || total
-------------------------++-------
Melee: Spear             ||     1
Throw: Dart              ||     1

Levels and vault maps discovered:
Abyss:1:  base: Temple, base: Temple, base:
Temple

Notes
Turn   | Place    | Note
-------+----------+-------------------------------------------
     0 | Abyss:1  | spiderkeys the Tengu Abyssal Knight began the quest for the
                  | Orb.
     0 | Abyss:1  | Reached XP level 1. HP: 14/14 MP: 3/3
     0 | Abyss:1  | magus.rc [v1.9.10]
    72 | Abyss:1  | Found a corrupted altar of Lugonu.
   392 | Abyss:1  | Noticed a large abomination
   402 | Abyss:1  | Noticed an ancient zyme
   405 | Abyss:1  | HP: 2/14 [ancient zyme (12)]
   405 | Abyss:1  | Mangled by an ancient zyme

Vanquished Creatures
  A lurking horror (Abyss:1)
1 creature vanquished.

Table legend:
 A = Non-vault XP
 B = Vault XP
 C = Vault XP percentage of total XP
 D = Non-vault monster count
 E = Vault monster count
 F = Vault count percentage of total count
                 A         B        C        D         E       F
            +---------+---------+-------+---------+---------+-------
      Total |       0 |       0 |   N/A |       0 |       0 |  -nan
            +---------+---------+-------+---------+---------+-------
            +---------+---------+-------+---------+---------+-------

Illustrated notes

Table legend: (Time is in decaauts)
 A = Elapsed time spent in this place.
 B = Non-inter-level travel time spent in this place.
 C = Inter-level travel time spent in this place.
 D = Time resting spent in this place.
 E = Time spent auto-exploring this place.
 F = Levels seen in this place.
 G = Mean time per level.
                   A        B        C        D        E       F      G
               +--------+--------+--------+--------+--------+-----+--------+
         Total |    406 |    406 |      0 |      0 |    389 |   1 |  406.0 |
         Abyss |    406 |    406 |      0 |      0 |    389 |   1 |  406.0 |
               +--------+--------+--------+--------+--------+-----+--------+

Top non-repeatable levels by time:
 Abyss:1: 406 daAuts
